 Dungeon Crawl Stone Soup version 0.14-a0-1663-g0b35444 (webtiles) character file.

2873 PolkaDot the Conjurer (level 9, -3/57 HPs)
             Began as a Vampire Conjurer on Dec 29, 2013.
             Was an Elder of Sif Muna.
             Shot with a sling bullet of frost by Joseph (7 damage)
             ... on Level 7 of the Dungeon.
             The game lasted 00:45:44 (8047 turns).

PolkaDot the Conjurer (Vampire Conjurer)            Turns: 8047, Time: 00:45:44

HP  -3/57        AC  3     Str  7      XL: 9   Next: 34%
MP   4/15        EV 12     Int 25      God: Sif Muna [****..]
Gold 256         SH  0     Dex 14      Spells:  4 memorised,  1 level left

rFire  . . .     SeeInvis +     k - +0 cutlass
rCold  . . .     Clarity  .     a - +1 robe
rNeg   . . .     Conserve +     (no shield)
rPois  .         rCorr    .     (no helmet)
rElec  .         rRot     .     (no cloak)
SustAb . .       Spirit   .     (no gloves)
rMut   .         Warding  .     (no boots)
Saprov . . .     Stasis   .     s - amulet of conservation
                                (no ring)
                                b - +0,+7 ring of slaying {unknown}

@: regenerating quickly, brilliant, very slightly contaminated, hasted, very
quick, somewhat resistant to hostile enchantments, stealthy
A: bottle blood, fangs 3, see invisible, unbreathing
a: Bottle Blood, Channel Energy, Forget Spell, Renounce Religion


You were on level 7 of the Dungeon.
You worshipped Sif Muna.
Sif Muna was greatly pleased with you.
You were very full.

You visited 2 branches of the dungeon, and saw 8 of its levels.
You also visited: Sewer.

You collected 256 gold pieces.

Inventory:

Hand weapons
 k - a +0,+0 cutlass (weapon)
Armour
 a - a +1 robe (worn)
Magical devices
 j - a wand of invisibility (6)
Scrolls
 d - 3 scrolls of fog
 e - 9 scrolls of remove curse
 f - 3 scrolls of recharging
 g - 2 scrolls of magic mapping
 i - 2 scrolls of fear
 t - 2 scrolls of immolation
Jewellery
 b - a +0,+7 ring of slaying (left hand) {unknown}
 s - an amulet of conservation (around neck)
Potions
 h - 2 potions of restore abilities
 l - 2 potions of mutation {!q}
 m - a potion of brilliance
 n - a potion of might
 o - 4 potions of heal wounds {unknown}
 r - a potion of speed
 u - a potion of magic {unknown}
Books
 c - a book of Conjurations

   Spells                             Type                      Level
   *Magic Dart                        Conjuration                  1
   *Searing Ray                       Conjuration                  2
   Dazzling Spray                     Conjuration/Hexes            3
   *Iskenderun's Mystic Blast         Conjuration                  4
   Iskenderun's Battlesphere          Conjuration/Charms           4
   *Fulminant Prism                   Conjuration/Hexes            5


   Skills:
 - Level 2.1 Dodging
 - Level 3.0 Stealth
 - Level 2.5 Spellcasting
 * Level 9.5 Conjurations
 + Level 6.6 Hexes


You had one spell level left.
You knew the following spells:

 Your Spells              Type           Power        Failure   Level  Hunger
a - Magic Dart            Conj           ####         1%          1    None
d - Iskenderun's Mystic   Conj           ######..     1%          4    ####...
f - Fulminant Prism       Conj/Hex       ######....   1%          5    #####..
s - Searing Ray           Conj           ######       1%          2    ##.....


Dungeon Overview and Level Annotations

Branches:
Dungeon (7/16)             Temple (1/1) D:5

Altars:
Ashenzari
Cheibriados
Elyvilon
Fedhas
Makhleb
Nemelex Xobeh
Okawaru
Sif Muna
Trog
Vehumet
Xom
Yredelemnul
Zin
the Shining One

Annotations:
D:7 Joseph


Innate Abilities, Weirdness & Mutations

Your natural rate of healing is unusually fast.
You can bottle blood from corpses.
You have razor-sharp teeth.*
You have supernaturally acute eyesight.
You can survive without breathing.*


Message History

Read which item? (? for menu, Esc to quit)
Blink to where?
Press: ? - help, Dir - move target cursor
As you read the scroll of blinking, it crumbles to dust.
An adder zombie comes into view.
Drink which item? (? for menu, Esc to quit)
Yummy - fresh blood!
Drink which item? (? for menu, Esc to quit)
Yummy - fresh blood!
Drink which item? (? for menu, Esc to quit)
You don't have any such object.
Drink which item? (? for menu, Esc to quit)
You don't have any such object.
Drink which item? (? for menu, Esc to quit)
Okay, then.
There is a stone staircase leading down here.
A hippogriff zombie comes into view.
You flicker back into view.
Joseph shoots a sling bullet of frost.
The sling bullet of frost hits you!
You die...

...#.# .....# ....#.#
#. ..).# #. ...## ####.
<### .....## ..#
##z..## ...#
.###.....#####.# ....#
.........@.....#
.......Z........#######
# .##.##.#####..>####..
. .# .## #..........#.#
.# .#
.##.#.####.....#.###.#
.# #.#.####.###.#.#...
#.....ยง@..!..#.#.#
###..###.#.......#
#c(##..###.##).###.#


You could see Joseph and an adder zombie (dormant).

Vanquished Creatures
  The ghost of Nicoed the Ducker, an experienced MiBe of Yredelemnul (D:6)
  The ghost of Restia the Firebug, an average GrFE (D:5)
  A hungry ghost (D:7)
  A hippogriff (D:7)
  An ice beast (D:6)
  An orc warrior (D:7)
  2 phantoms
  2 ogres
  A centaur (D:5)
  A sky beast (D:6)
  2 giant frogs (Sewer)
  6 crimson imps
  A hound (D:6)
  An orc priest (D:6)
  A giant frog skeleton (D:6)
  An iguana (D:6)
  A scorpion (D:4)
  5 orc wizards
  4 worker ants
  3 green rats
  12 adders
  2 giant mites
  2 worms
  A scorpion zombie (D:5)
  An adder zombie (D:5)
  23 grey rats
  A giant eyeball (D:6)
  2 giant geckos
  3 oozes
  18 orcs
  9 bats
  6 giant cockroaches
  17 hobgoblins
  4 quokkas
  16 ball pythons
  A giant gecko skeleton (D:4)
  5 giant newts
  A giant newt zombie (D:5)
  A giant spore (D:6)
  10 goblins
  6 kobolds
  A kobold skeleton (D:4)
  2 kobold zombies
  A quokka skeleton (D:6)
  15 rats
  A rat skeleton (D:3)
198 creatures vanquished.

Vanquished Creatures (others)
  An orc wizard (D:5)
1 creature vanquished.

Grand Total: 199 creatures vanquished

Notes
Turn   | Place    | Note
--------------------------------------------------------------
     0 | D:1      | PolkaDot, the Vampire Conjurer, began the quest for the Orb.
     0 | D:1      | Reached XP level 1. HP: 13/13 MP: 3/3
   339 | D:1      | Reached XP level 2. HP: 19/19 MP: 0/5
   396 | D:1      | Learned a level 2 spell: Searing Ray
  1772 | D:2      | Reached XP level 3. HP: 21/24 MP: 4/6
  2757 | D:3      | Reached skill level 4 in Conjurations
  2757 | D:3      | Reached XP level 4. HP: 26/30 MP: 0/8
  2830 | D:3      | Learned a level 4 spell: Iskenderun's Mystic Blast
  3394 | D:4      | Reached XP level 5. HP: 25/35 MP: 0/9
  4030 | D:4      | Reached skill level 5 in Conjurations
  4247 | D:5      | Entered Level 5 of the Dungeon
  4252 | D:5      | Noticed an ogre
  4253 | D:5      | Noticed a phantom
  4326 | D:5      | Found a staircase to the Ecumenical Temple.
  4336 | Temple   | Entered the Ecumenical Temple
  4595 | Temple   | Became a worshipper of Sif Muna the Loreminder
  4607 | D:5      | Noticed Restia's ghost (average GrFE)
  4697 | D:4      | Reached XP level 6. HP: 29/41 MP: 4/11
  4764 | D:5      | Killed an ogre
  5051 | D:5      | Found a radiant altar of Vehumet.
  5071 | D:5      | Reached skill level 6 in Conjurations
  5276 | D:5      | Killed a phantom
  5276 | D:5      | Acquired Sif Muna's first power
  5276 | D:5      | Reached XP level 7. HP: 41/46 MP: 7/12
  5283 | D:5      | Found a glowing drain.
  5330 | Sewer    | Entered a sewer
  5813 | Sewer    | Reached skill level 7 in Conjurations
  6020 | D:5      | Noticed a centaur
  6023 | D:5      | Killed a centaur
  6104 | D:5      | Killed Restia's ghost
  6104 | D:5      | Acquired Sif Muna's second power
  6104 | D:5      | Reached XP level 8. HP: 52/52 MP: 2/14
  6212 | D:5      | Found a glowing silver altar of Zin.
  6367 | D:6      | Noticed Nicoed's ghost (experienced MiBe)
  6424 | D:5      | Learned a level 5 spell: Fulminant Prism
  6452 | D:6      | Reached skill level 8 in Conjurations
  6452 | D:6      | Reached skill level 1 in Hexes
  6643 | D:6      | Found a burning altar of Makhleb.
  6871 | D:6      | Killed Nicoed's ghost
  6930 | D:6      | Reached skill level 9 in Conjurations
  6930 | D:6      | Reached skill level 5 in Hexes
  6930 | D:6      | Reached XP level 9. HP: 14/57 MP: 4/15
  7597 | D:6      | Paralysed by a giant eyeball for 2 turns
  7799 | D:7      | Acquired Sif Muna's third power
  8021 | D:7      | Noticed Joseph
  8037 | D:7      | HP: 2/57 [Joseph/ sling bullet of frost (19)]
  8047 | D:7      | Shot with a sling bullet of frost by Joseph

Action                   |  1- 3 |  4- 6 |  7- 9 || total
-------------------------+-------+-------+-------++-------
Melee: Unarmed           |     1 |       |       ||     1
       Dagger            |    17 |    55 |    45 ||   117
       Cutlass           |       |       |    24 ||    24
 Cast: Magic Dart        |    33 |    10 |    15 ||    58
       Searing Ray       |    16 |    34 |    53 ||   103
       Iskenderun's Myst |       |     1 |    36 ||    37
Invok: Channel Energy    |       |       |   153 ||   153
 Abil: Bottle Blood      |       |       |    39 ||    39
Evoke: Wand              |     1 |     1 |     2 ||     4
  Use: Potion            |     1 |     4 |    42 ||    47
       Scroll            |     4 |    13 |     8 ||    25
 Stab: Sleeping          |     1 |     5 |     2 ||     8
       Invisible         |       |     3 |     2 ||     5
       Distracted        |       |     1 |       ||     1
